 Dungeon Crawl Stone Soup version 0.17.1-1-g73c8601 (webtiles) character file.

2 DeXoteric the Grasshopper (level 1, -2/19 HPs)
             Began as a Naga Warper on Jan 1, 2016.
             Was an Initiate of Ashenzari.
             Slain by a giant gecko (5 damage)
             ... on level 1 of the Dungeon.
             The game lasted 00:01:14 (119 turns).

DeXoteric the Grasshopper (Naga Warper)              Turns: 119, Time: 00:01:14

Health: -2/19      AC:  1    Str: 13    XL:     1   Next: 40%
Magic:  3/3        EV:  9    Int: 13    God:    Ashenzari [......]
Gold:   0          SH:  0    Dex: 10    Spells: 1 memorised, 3 levels left

rFire  . . .     SeeInvis +     a - +0 falchion
rCold  . . .     Clarity  .     b - +0 leather armour
rNeg   . . .     SustAt   .     (no shield)
rPois  +         Gourm    .     (no helmet)
rElec  .         Spirit   .     (no cloak)
rCorr  .         Warding  .     (no gloves)
rMut   .         Stasis   .     (no barding)
MR     .....                    (no amulet)
Stlth  +.........               (no ring)
                                (no ring)

@: very slow, not resistant to hostile enchantments, very unstealthy
A: see invisible, deformed body, poison resistance, slowness 2, slow metabolism
1, spit poison 2, AC +0
a: Spit Poison, Renounce Religion


You were on level 1 of the Dungeon.
You worshipped Ashenzari.
Ashenzari was noncommittal.
You were not hungry.

You visited 1 branch of the dungeon, and saw 1 of its levels.

Inventory:

Hand Weapons
 a - a +0 falchion (weapon)
Missiles
 e - 5 tomahawks of dispersal (quivered)
 h - 6 silver tomahawks
Armour
 b - a +0 leather armour (worn)
Scrolls
 d - a scroll of blinking
 i - a scroll of recharging {unknown}
 j - a scroll of teleportation {unknown}
 k - a scroll of identify {unknown}
Books
 c - a book of Spatial Translocations

   Spells                             Type                      Level
   a - Apportation                    Translocation                1
   b - Blink                          Translocation                2
   c - Shroud of Golubria             Charms/Translocation         2
   d - Portal Projectile              Translocation                3
   e - Teleport Other                 Translocation                3
   f - Passage of Golubria            Translocation                4
Comestibles
 f - a bread ration
 g - 2 chunks of flesh


   Skills:
 + Level 2.1 Fighting
 + Level 2.1 Long Blades
 - Level 0.8 Throwing
 - Level 0.7 Armour
 - Level 1.5 Dodging
 - Level 2.0 Spellcasting
 - Level 3.0 Translocations


You had 3 spell levels left.
You knew the following spells:

 Your Spells              Type           Power        Failure   Level  Hunger
a - Apportation           Tloc           #.........   12%         1    ##.....


Dungeon Overview and Level Annotations

Branches:
Dungeon (1/15)

Altars:
Ashenzari


Innate Abilities, Weirdness & Mutations

You cannot wear boots.
Your serpentine skin is tough (AC +0).
You have supernaturally acute eyesight.
Armour fits poorly on your strangely shaped body.
Your system is resistant to poisons.
You cover ground very slowly.
You have a slow metabolism.
You can spit poison.


Message History

You hit the hobgoblin. The hobgoblin hits you.
The giant gecko closely misses you.
You take 1 damage, and have 17/19 hp.
You hit the hobgoblin.
You kill the hobgoblin!
The giant gecko closely misses you.
You hit the ooze. The giant gecko closely misses you.
The giant gecko barely misses you. The ooze barely misses you.
You hit the ooze but do no damage. The giant gecko bites you.
The ooze hits you.
You take 6 damage, and have 11/19 hp.
MASSIVE DAMAGE!!
You hit the ooze. The giant gecko bites you.
* * * LOW HITPOINT WARNING * * *
The ooze hits you but does no damage. The giant gecko bites you.
* * * LOW HITPOINT WARNING * * *
You take 8 damage, and have 3/19 hp.
MASSIVE DAMAGE!!
You are too injured to fight recklessly!
The ooze closely misses you. The giant gecko bites you.
You die...

######### #.......####
#........... #...........
###############.Nl.†.....)
..........>......J........
##########################
#.# #.# #.# #### ###.#
...# #)..# ######### ...#
#...# ##.#.#.#.#


You could see an ooze and a giant gecko.

Vanquished Creatures
  A hobgoblin (D:1)
  A giant newt (D:1)
  A rat (D:1)
3 creatures vanquished.

Notes
Turn   | Place    | Note
--------------------------------------------------------------
     0 | D:1      | DeXoteric the Naga Warper began the quest for the Orb.
     0 | D:1      | Reached XP level 1. HP: 19/19 MP: 3/3
    19 | D:1      | Found a shattered altar of Ashenzari.
    63 | D:1      | Became a worshipper of Ashenzari the Shackled
   119 | D:1      | Slain by a giant gecko

Action                   || total
-------------------------++-------
Melee: Falchion          ||     9
